 Dungeon Crawl Stone Soup version 0.29.1-1-gd02db6906a (webtiles) character file.

Game seed: 4348679951696494968

2447 xian the Chopper (level 9, 0/68 HPs)
             Began as a Demonspawn Fighter on Sept 16, 2022.
             Slain by an orc priest
             ... wielding a +0 flail
              (8 damage)
             ... on level 6 of the Dungeon.
             The game lasted 00:17:19 (8121 turns).

xian the Chopper (Demonspawn Fighter)               Turns: 8121, Time: 00:17:20

Health: 0/68       AC: 12    Str: 25    XL:     9   Next: 25%
Magic:  9/9        EV: 11    Int: 15    God:
Gold:   385        SH:  5    Dex: 12    Spells: 8/8 levels left

rFire   . . .      SeeInvis .   D - +11 dagger of Integrity {drain, *Noise Will+ Str+3}
rCold   . . .      Faith    .   c - +0 buckler
rNeg    . . .      Spirit   .   b - +0 scale mail
rPois   .          Reflect  .   t - +2 helmet
rElec   .          Harm     .   (no cloak)
rCorr   .          Rampage  .   C - +0 pair of gloves
Will    +....                   (no boots)
Stlth   ..........              (no amulet)
HPRegen 0.21/turn               s - +6 ring of intelligence
MPRegen 0.22/turn               (no ring)

@: mighty, brilliant
A: claws 1, powered by pain 2, magic regeneration
a: no special abilities


You were on level 6 of the Dungeon.
You visited 1 branch of the dungeon, and saw 7 of its levels.
You also visited: Sewer.

You collected 385 gold pieces.

Inventory:

Hand Weapons
 a - a +0 war axe
 D - the +11 dagger of Integrity (weapon) {drain, *Noise Will+ Str+3}
   (You found it on level 5 of the Dungeon)

   A truly terrible weapon, it drains the life of any living foe it strikes.
   Str:       It affects your strength (+3).
   *Noise:    It may make noises in combat.
   Will:      It increases your willpower.
Missiles
 r - 7 boomerangs
 u - 6 javelins
 x - 31 poisoned darts (quivered)
 E - 2 throwing nets
Armour
 b - a +0 scale mail (worn)
 c - a +0 buckler (worn)
 t - a +2 helmet (worn)
 C - a +0 pair of gloves (worn)
Magical Staves
 A - a staff of poison
Jewellery
 s - a +6 ring of intelligence (left hand)
Wands
 q - a wand of acid (9)
 w - a wand of polymorph (25)
Scrolls
 i - a scroll of magic mapping
 k - a scroll of torment
 l - 3 scrolls of immolation {unknown}
 n - 4 scrolls of teleportation {unknown}
 o - a scroll of noise {unknown}
 y - 2 scrolls of enchant weapon {unknown}
 z - 3 scrolls of enchant armour {unknown}
 G - a scroll of poison {unknown}
Potions
 d - 3 potions of might
 e - a potion of berserk rage {unknown}
 f - 2 potions of heal wounds {unknown}
 g - a potion of cancellation
 h - 2 potions of ambrosia {unknown}
 j - 3 potions of mutation {unknown}
 m - 3 potions of brilliance
 p - 3 potions of resistance
 v - 3 potions of attraction {unknown}
 B - a potion of invisibility {unknown}
 F - 2 potions of curing {unknown}
 H - a potion of degeneration {unknown}
 I - a potion of magic {unknown}


   Skills:
 + Level 5.2 Fighting
 + Level 3.9 Short Blades
 + Level 6.5 Axes
 + Level 0.1 Throwing
 + Level 6.1 Armour
 + Level 3.2 Dodging
 + Level 1.6 Stealth
 + Level 4.3 Shields


You had 8 spell levels left.
You didn't know any spells.
Your spell library contained the following spells:

 Spells                   Type           Power      Damage    Failure   Level
 Magic Dart               Conj           0%         1d3       61%         1
 Blink                    Tloc           0%         N/A       75%         2
 Call Imp                 Summ           0%         N/A       75%         2
 Lesser Beckoning         Tloc           0%         N/A       93%         3
 Mephitic Cloud           Conj/Pois/Air  0%         N/A       93%         3
 Summon Lightning Spire   Summ/Air       0%         N/A       100%        4
 Manifold Assault         Tloc           0%         N/A       100%        5
 Storm Form               Tmut/Air       0%         N/A       100%        7
 Maxwell's Capacitive Co  Air            0%         ∞         100%        8


Dungeon Overview and Level Annotations

Branches:
Dungeon (7/15)             Temple (0/1) D:5           Sewer (visited)

Altars:
Dithmenos

Shops:
D:2 *   D:3 :

Annotations:
D:5 Menkaure


Innate Abilities, Weirdness & Mutations

You have sharp fingernails.
You sometimes gain power by taking damage.
You regenerate magic rapidly.


Message History

The meliai zombie barely misses you. The meliai zombie hits you.
A hellwing comes into view.
You block the killer bee's attack. You block the orc's attack.
There is a stone staircase leading up here.
The hellwing gives a chilling moan.
You impale the meliai zombie!!
The meliai zombie is moderately damaged.
You hear a shout!
The wolf spider zombie hits you but does no damage.
The wolf spider zombie bites you but does no damage.
You block the meliai zombie's attack. x2; The killer bee closely misses you.
The wolf spider zombie hits you!
The wolf spider zombie bites you but does no damage.
You puncture the orc!
You kill the orc!
The killer bee stings you but does no damage.
The meliai zombie hits you. x2
The orc priest hits you but does no damage.
The killer bee closely misses you. The meliai zombie hits you.
The meliai zombie hits you! The wolf spider zombie hits you!
* * * LOW HITPOINT WARNING * * *
The wolf spider zombie closely misses you.
Okay, then.
The killer bee stings you but does no damage.
The meliai zombie hits you.
* * * LOW HITPOINT WARNING * * *
The meliai zombie hits you but does no damage.
The orc priest completely misses you.
The killer bee stings you but does no damage.
The meliai zombie misses you.
The meliai zombie hits you but does no damage.
The centaur warrior skeleton barely misses you.
The centaur warrior skeleton kicks you but does no damage.
You climb upwards.
There is a stone staircase leading down here.
It was a potion of brilliance.
You feel clever all of a sudden.
The killer bee stings you but does no damage.
The orc priest hits you with a +0 flail!
You die...

###### .....# ####.#
#.# #.#
############### #.#
#.............# #.#
#.###########.#
####.#############.#
#.#
...............o@#.#
#.#
####..##########y#.##
#.# #.....# #....#
#.# ...##.# ###..#
#.# ......# #..# #.#
....### #..# #.#
....# #..# #.# ....#
#..# #######.# #####
####..####.......#


You could see a killer bee and an orc priest.

Vanquished Creatures
  Prince Ribbit (D:6)
  Grinder (D:6)
  Sigmund (D:6)
  Eustachio (D:6)
  Duvessa (D:6)
  A water moccasin (D:6)
  An ice beast (D:5)
  An orc warrior (D:6)
  A sky beast (D:6)
  An ogre (D:6)
  2 kobold brigands (Sewer)
  A bullfrog (D:6)
  3 scorpions
  Dowan (D:6)
  A howler monkey (D:6)
  A jelly (D:5)
  An orc priest (D:6)
  2 hounds (D:5)
  Jessica (D:2)
  3 iguanas
  5 orc wizards (D:6)
  11 gnolls
  8 adders
  7 river rats
  2 shadow imps (D:6)
  6 worms
  3 dart slugs
  11 orcs
  11 ball pythons
  4 bats
  10 endoplasms
  5 giant cockroaches
  2 goblins
  11 hobgoblins
  5 jackals
  7 quokkas
  8 frilled lizards
  12 kobolds
  8 rats
162 creatures vanquished.

Vanquished Creatures (others)
  6 fungi (D:6)
  10 plants
16 creatures vanquished.

Grand Total: 178 creatures vanquished

Notes
Turn   | Place    | Note
-------+----------+-------------------------------------------
     0 | D:1      | xian the Demonspawn Fighter began the quest for the Orb.
     0 | D:1      | Reached XP level 1. HP: 18/18 MP: 1/1
   264 | D:1      | Gained mutation: You sometimes gain a little power by
                  | taking damage. [demonic ancestry]
   264 | D:1      | Reached XP level 2. HP: 21/24 MP: 2/2
   809 | D:1      | Gained mutation: You sometimes gain power by taking damage.
                  | [demonic ancestry]
   809 | D:1      | Reached XP level 3. HP: 29/29 MP: 3/3
   975 | D:1      | Found a faded altar of an unknown god.
  1186 | D:2      | Noticed Jessica
  1198 | D:2      | Killed Jessica
  1199 | D:2      | Reached XP level 4. HP: 2/35 MP: 4/4
  1199 | D:2      | HP: 1/35 [quokka (2)]
  1856 | D:2      | Found Oqomiwug's Assorted Antiques.
  2749 | D:3      | Found Woreel's Vocational Training.
  3075 | D:3      | Reached XP level 5. HP: 16/41 MP: 5/5
  3880 | D:4      | Found a shadowy altar of Dithmenos.
  4042 | D:4      | Reached skill level 1 in Dodging
  4123 | D:5      | Entered Level 5 of the Dungeon
  4174 | D:5      | Reached XP level 6. HP: 44/47 MP: 6/6
  4216 | D:5      | Reached skill level 5 in Axes
  4335 | D:5      | Found a glowing drain.
  4339 | Sewer    | Entered a sewer
  5067 | Sewer    | Gained mutation: You have sharp fingernails. [demonic
                  | ancestry]
  5067 | Sewer    | Reached XP level 7. HP: 53/53 MP: 7/7
  5518 | D:5      | Found a staircase to the Ecumenical Temple.
  5529 | D:5      | Identified the +11 dagger of Integrity {drain, *Noise Will+
                  | Str+3}
  5739 | D:5      | Noticed Menkaure
  6389 | D:6      | Noticed Sigmund
  6395 | D:6      | Killed Sigmund
  6517 | D:6      | Noticed Grinder
  6536 | D:6      | Killed Grinder
  6537 | D:6      | Reached XP level 8. HP: 37/61 MP: 8/8
  6562 | D:6      | Reached skill level 1 in Short Blades
  6572 | D:6      | Reached skill level 5 in Armour
  6572 | D:6      | Reached skill level 1 in Stealth
  7015 | D:6      | Noticed Duvessa
  7015 | D:6      | Noticed Dowan
  7027 | D:6      | Killed Duvessa
  7039 | D:6      | Killed Dowan
  7243 | D:6      | Noticed Eustachio
  7251 | D:6      | Reached skill level 5 in Fighting
  7265 | D:6      | Killed Eustachio
  7266 | D:6      | Gained mutation: You regenerate magic rapidly. [demonic
                  | ancestry]
  7266 | D:6      | Reached XP level 9. HP: 67/68 MP: 9/9
  7901 | D:7      | Noticed Prince Ribbit
  7966 | D:6      | Killed Prince Ribbit
  8116 | D:7      | Noticed a hellwing
  8121 | D:6      | Slain by an orc priest

Illustrated notes

Levels and vault maps discovered:
D:1:      lemuel_arrival_hallway, layout_loops_ring,
          dreamdust_ecumenical_altar_angels_and_demons
D:2:      layout_basic, serial_shops, nicolae_shop_overgrown_old_shop,
          kennysheep_jessica_study
D:3:      layout_basic, nicolae_shop_vocational
D:4:      layout_basic, mainiacjoe_overflow_boulevard
D:5:      nicolae_cairo_tiling_large, layout_rooms, minmay_temple_entry_wispy,
          gup_sewer_entry_spiral, kennysheep_cross_room, serial_bayou_pond_e,
          uniq_menkaure
D:6:      cheibrodos_barr_body, layout_basic, serial_aquarium,
          aquarium_bridge_square [aquarium_subvault_window,
          aquarium_subvault_wall, aquarium_subvault_bridge,
          aquarium_subvault_window], aquarium_bridge_long_separate
          [aquarium_subvault_balcony, aquarium_subvault_bridge,
          aquarium_subvault_bridge, aquarium_subvault_bridge,
          aquarium_subvault_bridge, aquarium_subvault_bridge],
          aquarium_window_1, aquarium_window_2, aquarium_window_fake,
          aquarium_window_corner, aquarium_view_2a, aquarium_pool_corner,
          uniq_duvessa, uniq_sigmund, uniq_grinder, uniq_eustachio
D:7:      cheibrodos_grave_circle, layout_cave_pools, bh_walls_and_bars,
          uniq_prince_ribbit1

Skill      XL: |  1  2  3  4  5  6  7  8  9 |
---------------+----------------------------+-----
Axes           | 2 3 4 5 6 |  6.5
Armour         | 3 4 5 6 |  6.1
Shields        | 3 4 |  4.3
Dodging        | 1 2 3 |  3.2
Fighting       | 4 5 |  5.2
Short Blades   | 3 |  3.9
Stealth        | 1 |  1.6
Throwing       | |  0.1

Action                   |  1- 3 |  4- 6 |  7- 9 || total
-------------------------+-------+-------+-------++-------
Melee: War axe           |    96 |   314 |    27 ||   437
       Dagger            |       |       |   146 ||   146
Throw: Javelin           |       |     4 |       ||     4
  Use: Potion            |     1 |       |     1 ||     2
       Scroll            |       |     4 |       ||     4
Armor: Scale mail        |    46 |   169 |    82 ||   297
Dodge: Dodged            |    55 |   163 |    80 ||   298
Block: Buckler           |    36 |    87 |    35 ||   158
